 Dungeon Crawl Stone Soup version 0.29-a0-451-gfbfa424 (webtiles) character file.

Game seed: 15371715355396969228

160 Toastz the Bolt Thrower (level 5, -3/49 HPs)
             Began as a Deep Dwarf Hunter on May 19, 2022.
             Slain by an ogre
             ... wielding a +0 giant club
              (22 damage)
             ... on level 4 of the Dungeon.
             The game lasted 00:06:48 (2016 turns).

Toastz the Bolt Thrower (Deep Dwarf Hunter)         Turns: 2016, Time: 00:06:49

Health: -3/49      AC:  5    Str: 15    XL:     5   Next: 17%
Magic:  4/4        EV: 12    Int:  9    God:
Gold:   153        SH:  0    Dex: 18    Spells: 1/4 levels left

rFire   . . .      SeeInvis .   a - +1 hand crossbow
rCold   . . .      Faith    .   (no shield)
rNeg    . . .      Spirit   .   b - +0 leather armour
rPois   .          Reflect  .   u - +0 helmet
rElec   .          Harm     .   (no cloak)
rCorr   .          Rampage  .   (no gloves)
Will    .....                   r - +0 pair of boots
Stlth   ++........              (no amulet)
HPRegen 0.00/turn               t - ring of wizardry
MPRegen 0.09/turn               (no ring)

@: no status effects
A: damage resistance, heal wounds, sense surroundings 1, no regeneration
a: Heal Wounds


You were on level 4 of the Dungeon.
You visited 1 branch of the dungeon, and saw 4 of its levels.

You collected 153 gold pieces.

Inventory:

Hand Weapons
 a - a +1 hand crossbow (weapon)
 g - a +1 dagger of speed
Missiles
 i - 3 poisoned darts
Armour
 b - a +0 leather armour (worn)
 m - a +0 scale mail
 r - a +0 pair of boots (worn)
 u - a +0 helmet (worn)
Jewellery
 t - a ring of wizardry (left hand)
Wands
 x - a wand of flame (19)
Scrolls
 c - a scroll of immolation
 e - 2 scrolls of noise {unknown}
 f - a scroll of torment {unknown}
 h - 3 scrolls of fear {unknown}
 j - 5 scrolls of identify {unknown}
 k - a scroll of fog {unknown}
 p - 2 scrolls of teleportation {unknown}
 s - a scroll of vulnerability {unknown}
Potions
 d - a potion of flight {unknown}
 l - a potion of invisibility {unknown}
 n - 4 potions of curing
 o - a potion of attraction {unknown}
 q - a potion of ambrosia {unknown}
 v - a potion of brilliance {unknown}
 w - 2 potions of magic {unknown}


   Skills:
 + Level 3.4 Fighting
 + Level 5.7 Crossbows
 - Level 2.2 Dodging
 - Level 1.2 Stealth
 + Level 0.1 Spellcasting
 + Level 1.5 Necromancy


You had one spell level left.
You knew the following spells:

 Your Spells              Type           Power      Damage    Failure   Level
a - Vampiric Draining     Necr           2%         2d6       32%         3

Your spell library contained the following spells:

 Spells                   Type           Power      Damage    Failure   Level
 Freeze                   Ice            0%         1d3       21%         1
 Slow                     Hex            0%         N/A       21%         1
 Blink                    Tloc           0%         N/A       28%         2
 Confusing Touch          Hex            0%         N/A       50%         3
 Dazzling Flash           Conj/Hex       0%         N/A       50%         3
 Frozen Ramparts          Ice            0%         1d2       50%         3
 Lesser Beckoning         Tloc           0%         N/A       50%         3
 Ozocubu's Armour         Ice            0%         N/A       50%         3
 Tukima's Dance           Hex            0%         N/A       50%         3
 Anguish                  Hex/Necr       0%         N/A       78%         4
 Hailstorm                Conj/Ice       0%         3d3       86%         4
 Passage of Golubria      Tloc           0%         N/A       86%         4
 Agony                    Necr           2%         N/A       95%         5
 Manifold Assault         Tloc           0%         N/A       99%         5
 Metabolic Englaciation   Hex/Ice        0%         N/A       99%         5
 Silence                  Hex/Air        0%         N/A       99%         5
 Yara's Violent Unravell  Hex/Tmut       0%         3d3       99%         5
 Simulacrum               Ice/Necr       0%         N/A       100%        6
 Enfeeble                 Hex            0%         N/A       100%        7


Dungeon Overview and Level Annotations

Branches:
Dungeon (4/15)
 Temple: D:4-7

Altars:


Innate Abilities, Weirdness & Mutations

You are resistant to damage.
You can heal yourself by infusing magical energy.
You passively map a small area around you.
You do not regenerate.


Message History

Press: ? - help, Q - select action, (/) - cycle Shift-Dir - straight line, f - hobgoblin
Aim: a hobgoblin (asleep, 98% to hit)
You shoot a bolt. The bolt hits the hobgoblin!
You kill the hobgoblin!
Shoot: a) +1 hand crossbow
Press: ? - help, Q - select action, (/) - cycle Shift-Dir - straight line, f - you Really target yourself?
Okay, then.
h - 3 scrolls labelled SIAMAM ORGHAU (gained 1)
You pick up a book of Frost and begin reading...
You add the spells Freeze, Frozen Ramparts and Hailstorm to your library.
An ogre comes into view. It is wielding a +0 giant club.
The ogre shouts!
Shoot: a) +1 hand crossbow
Press: ? - help, Q - select action, (/) - cycle Shift-Dir - straight line, f - ogre
Aim: an ogre, wielding a +0 giant club (79% to hit)
You shoot a bolt. The bolt barely misses the ogre.
Shoot: a) +1 hand crossbow
Press: ? - help, Q - select action, (/) - cycle Shift-Dir - straight line, f/p - ogre
Aim: an ogre, wielding a +0 giant club (79% to hit)
You shoot a bolt. The bolt hits the ogre!
The ogre is moderately wounded.
Shoot: a) +1 hand crossbow
Press: ? - help, Q - select action, (/) - cycle Shift-Dir - straight line, f/p - ogre
Aim: an ogre, wielding a +0 giant club (moderately wounded, 79% to hit)
You shoot a bolt. The bolt hits the ogre.
The ogre is heavily wounded.
Shoot: a) +1 hand crossbow
Press: ? - help, Q - select action, (/) - cycle Shift-Dir - straight line, f/p - ogre
Aim: an ogre, wielding a +0 giant club (heavily wounded, 79% to hit)
You shoot a bolt. The bolt hits the ogre.
The ogre is severely wounded.
Shoot: a) +1 hand crossbow
Press: ? - help, Q - select action, (/) - cycle Shift-Dir - straight line, f/p - ogre
Aim: an ogre, wielding a +0 giant club (severely wounded, 79% to hit)
You shoot a bolt.
The bolt hits the ogre but does no damage.
The ogre is severely wounded.
The ogre hits you with a +0 giant club!!
You die...

>, #.# #.# ** #.#
#.# * #.#####.# * *
#.......# ###.#####
, ##### #.# , . # *
#...######.# ,
....#.###..........#
*
......O@....########
.####.####### * * #
* *


You could see an ogre.

Vanquished Creatures
  Natasha (thrice) (D:3)
  2 adders (D:3)
  2 worms
  2 dart slugs
  7 orcs (D:3)
  3 endoplasms
  2 giant cockroaches (D:2)
  6 goblins
  4 hobgoblins
  6 ball pythons
  5 bats
  A frilled lizard (D:1)
  5 kobolds
  7 rats
55 creatures vanquished.

Notes
Turn   | Place    | Note
-------+----------+-------------------------------------------
     0 | D:1      | Toastz the Deep Dwarf Hunter began the quest for the Orb.
     0 | D:1      | Reached XP level 1. HP: 19/19 MP: 1/1
    27 | D:1      | Found a faded altar of an unknown god.
   172 | D:1      | Reached XP level 2. HP: 26/26 MP: 2/2
   855 | D:2      | Reached skill level 5 in Crossbows
   855 | D:2      | Reached XP level 3. HP: 33/33 MP: 3/3
  1223 | D:3      | Noticed Natasha
  1226 | D:3      | Killed Natasha
  1227 | D:3      | Reached XP level 4. HP: 29/42 MP: 4/4
  1231 | D:3      | Learned a level 3 spell: Vampiric Draining
  1474 | D:3      | Noticed Natasha
  1479 | D:3      | Killed Natasha
  1480 | D:3      | Reached skill level 1 in Necromancy
  1514 | D:3      | Noticed Natasha
  1533 | D:3      | Killed Natasha
  1534 | D:3      | Reached XP level 5. HP: 17/49 MP: 0/4
  2011 | D:4      | Noticed an ogre
  2016 | D:4      | Slain by an ogre

Illustrated notes

Levels and vault maps discovered:
D:1:      nicolae_arrival_washed_ashore, layout_basic, basic_ecumenical_altar,
          chequers_serial_rivers_micro_e
D:2:      layout_basic, minmay_misc_feat_nine_boxes, st_stairs_7,
          grunt_decor_junction, serial_bayou_pond_a
D:3:      layout_basic, uniq_natasha
D:4:      layout_loops_cross, minmay_temple_entry_oklob, roderic_serpentine_path

Skill      XL: |  1  2  3  4 |
---------------+-------------+-----
Fighting       | 2 3 |  3.4
Crossbows      | 5 |  5.7
Necromancy     | 1 |  1.5
Dodging        | |  2.2
Stealth        | |  1.2
Spellcasting   | |  0.1

Action                   |  1- 3 |  4- 6 || total
-------------------------+-------+-------++-------
 Fire: Hand crossbow     |    81 |    56 ||   137
 Cast: Vampiric Draining |       |     2 ||     2
 Abil: Heal Wounds       |       |     2 ||     2
Armor: Leather armour    |       |     4 ||     4
Dodge: Dodged            |     7 |    18 ||    25

Table legend: (Time is in decaauts)
 A = Elapsed time spent in this place.
 B = Non-inter-level travel time spent in this place.
 C = Inter-level travel time spent in this place.
 D = Time resting spent in this place.
 E = Time spent auto-exploring this place.
 F = Levels seen in this place.
 G = Mean time per level.
                   A        B        C        D        E       F      G
               +--------+--------+--------+--------+--------+-----+--------+
         Total |   2059 |   1977 |     82 |     29 |   1557 |   4 |  514.8 |
       Dungeon |   2059 |   1977 |     82 |     29 |   1557 |   4 |  514.8 |
               +--------+--------+--------+--------+--------+-----+--------+

Top non-repeatable levels by time:
     D:2: 692 daAuts
     D:3: 669 daAuts
     D:1: 530 daAuts
     D:4: 167 daAuts
